Cogmind - Beta 15 @@@ ROGUE MODE // 2025.09.10 @ 22:15:41 Player: Godsword Result: Self-destructed Performance ------------- Evolutions (4) 2000 Regions Visited (5) 1000 Robots Destroyed (19) 95 Value Destroyed (497) 497 Prototype IDs (12) 240 Alien Tech Used (0) 0 Bonus (800) 800 TOTAL SCORE: 4632 Bonus ------- Registered with UFD 300 Met Optimus in HQ 500 Cogmind --------- Core Integrity 267/850 Matter 300/300 Energy 100/100 System Corruption 10% Temperature Cool (0) Movement Core (700) Ox13 Location -6/Lower Caves Parts ------- > --- POWER (2) -------- (None) > --- PROPULSION (5) --- (None) > --- UTILITY (6) ------ High-capacity Storage Unit A0-MCA's Component Scanner > --- WEAPON (2) ------- (None) > --- INVENTORY (20) --- Light Fission Core Flight Unit Cryofiber Web Advanced Heat Sink Medium Storage Unit Energy Well (350) Medium Matter Pod (100) Enhanced Gauss Cannon Mace Lance Lance Shrapnel Trap Shrapnel Trap Vortex Trap Vortex Trap DRS Beacon (Ready) Peak State ------------ > --- POWER ------------ Micro Nuclear Core Micro Nuclear Core > --- PROPULSION ------- Compact Wheel Compact Wheel Armored Wheel Armored Wheel Armored Wheel > --- UTILITY ---------- High-capacity Storage Unit Improved Terrain Scanner ECM Suite Cloaking Device A0-MCA's Component Scanner > --- WEAPON ----------- Mini Grenade Launcher Heavy Hammer > --- INVENTORY -------- Micro Nuclear Core Fission Core Light Fission Core Compact Wheel Flight Unit Cryofiber Web Improved Heat Sink Advanced Heat Sink Medium Storage Unit Energy Well Medium Matter Pod Improved Terrain Scanner Mace Heavy Hammer Shrapnel Trap Shrapnel Trap Vortex Trap Vortex Trap Vortex Trap DRS Beacon [Rating: 44] Favorites ----------- Power Micro Nuclear Core Engine Light Ion Engine Power Core Micro Nuclear Core Propulsion Armored Wheel Wheel Armored Wheel Utility Improved Terrain Scanner Device Improved Terrain Scanner Storage High-capacity Storage Unit Processor A0-MCA's Component Scanner Weapon Mini Grenade Launcher Ballistic Gun Light Assault Rifle Launcher Mini Grenade Launcher Impact Weapon Heavy Hammer Build | -11 -10 -10 -9 -6 -6 ------- Run | Yrd Mat Sub Scr Fac Low Slots Evolved 8 | . . . . 8 . Power 1 | . . . . 1 . Propulsion 3 | . . . . 3 . Utility 4 | . . . . 4 . Weapon . | . . . . . . Parts Attached 26 | 7 . . 7 7 5 Power 6 | 1 . . 1 2 2 Engine 2 | 1 . . 1 . . Core 4 | . . . . 2 2 Reactor . | . . . . . . Propulsion 7 | 2 . . 2 1 2 Treads . | . . . . . . Leg . | . . . . . . Wheel 7 | 2 . . 2 1 2 Hover . | . . . . . . Flight . | . . . . . . Utility 8 | 2 . . 2 4 . Device 5 | 1 . . . 4 . Storage 2 | 1 . . 1 . . Processor 1 | . . . 1 . . Hackware . | . . . . . . Protection . | . . . . . . Artifact . | . . . . . . Weapon 5 | 2 . . 2 . 1 Energy Gun . | . . . . . . Energy Cannon . | . . . . . . Ballistic Gun 2 | 2 . . . . . Ballistic Cannon . | . . . . . . Launcher 1 | . . . 1 . . Special Weapon . | . . . . . . Impact Weapon 2 | . . . 1 . 1 Slashing Weapon . | . . . . . . Piercing Weapon . | . . . . . . Special Melee Weapon . | . . . . . . Unidentified Prototypes . | . . . . . . Parts Lost 18 | . . . . 4 14 Power 4 | . . . . . 4 Propulsion 7 | . . . . 2 5 Utility 5 | . . . . 2 3 Weapon 2 | . . . . . 2 Highest Loss Streak 8 | . . . . 4 8 To Critical Strikes . | . . . . . . Average Backups 9 | 1 4 6 11 12 9 Power 1 | . 1 2 1 2 1 Propulsion 1 | . . . 2 2 1 Utility 5 | . 2 3 5 6 5 Weapon 1 | . 1 . 1 2 1 Tool/Special . | . . . . . . Unused Backups 17 | . . 2 2 2 11 Power 4 | . . 1 1 1 1 Propulsion 2 | . . . 1 . 1 Utility 6 | . . . . 1 5 Weapon 5 | . . 1 . . 4 Tool/Special . | . . . . . . Average Slot Usage (%) 91 | . 100 100 100 88 73 Engine 9 | . 14 14 14 6 . Core 4 | . . . . 6 12 Wheel 27 | . 28 28 28 32 21 Device 10 | . 14 14 7 16 12 Storage 10 | . 14 14 14 6 6 Processor 5 | . . . 6 6 6 Ballistic Gun 2 | . 28 28 1 . . Launcher 9 | . . . 13 6 5 Impact Weapon 9 | . . . 13 5 5 Peak Build Rating 44 | 9 9 10 22 44 36 Average Rating 22 | 7 9 9 17 37 32 On Entrance 13 | . 9 9 10 22 32 Naked Turns . | . . . . . . Heaviest Build 60 | 13 13 13 48 60 58 Greatest Support 76 | 32 32 32 32 68 76 Greatest Overweight (x) 15 | . . . 1 1 15 Average Overweight (x) . | . . . . . . Largest Inventory Capacity 20 | 8 8 8 20 20 20 Average Capacity 16 | 7 8 8 16 20 20 Most Carried 20 | 4 6 8 20 20 19 Average Carried 13 | 1 4 6 13 18 15 Final Capacity 20 | 8 8 8 20 20 20 Final Carried 20 | 4 6 8 20 20 16 Class Distribution -------------------- 91% | Mutant 8% | Infiltrator-Mutant Dominant Class ---------------- Mutant | -10/Materials Mutant | -10/Subcaves Mutant | -9/Scraptown Infiltrator-Mutant | -6/Factory Mutant | -6/Lower Caves Resources | -11 -10 -10 -9 -6 -6 ----------- Run | Yrd Mat Sub Scr Fac Low Matter Collected 803 | 382 26 30 70 12 283 Remotely . | . . . . . . Salvage Created 478 | 228 26 . . 55 169 Parts 17 | 14 2 . . . 1 Haulers Intercepted . | . . . . . . Recyclers Shooed . | . . . . . . Parts Field Recycled . | . . . . . . Retrieved Matter . | . . . . . . Parts Self-Destructed 13 | . . 4 . . 9 Prevented . | . . . . . . Kills | -11 -10 -10 -9 -6 -6 ------- Run | Yrd Mat Sub Scr Fac Low Combat Hostiles Destroyed 8 | . . . . . 8 Melee 1 | . . . . . 1 AOE 7 | . . . . . 7 Classes Destroyed 6 | 3 . . . 2 1 Worker 2 | 2 . . . . . Builder 1 | . . . . 1 . Tunneler 6 | 5 1 . . . . Recycler 1 | 1 . . . . . Watcher 1 | . . . . 1 . Grunt 8 | . . . . . 8 Best Kill Streak 4 | 3 1 . . 2 4 Combat Bots Only 4 | . . . . . 4 Max Kills in Single Turn 2 | 1 1 . . 1 2 Gunslinging . | . . . . . . Exploded 2 | . . . . . 2 Melee 1 | . . . . . 1 Uniques/NPCs Destroyed . | . . . . . . Combat | -11 -10 -10 -9 -6 -6 -------- Run | Yrd Mat Sub Scr Fac Low Hostile Shots Fired 137 | . . . . 40 97 Missed 45 | . . . . 13 32 Hits 92 | . . . . 27 65 Melee 5 | . . . . . 5 Projectile 87 | . . . . 27 60 Critical Strikes 7 | . . . . 2 5 Damage Taken 1507 | . . . . 425 1082 Core 583 | . . . . 92 491 Absorbed by Shields . | . . . . . . Core Remaining (%) 100 | 100 . . 100 . . Volleys Fired 54 | 26 8 . . . 20 Largest 2 | 2 2 . . . 1 Hottest 40 | 40 40 . . . 30 Shots Fired 88 | 52 16 . . . 20 Gun 68 | 52 16 . . . . Cannon . | . . . . . . Launcher 20 | . . . . . 20 Special . | . . . . . . Kinetic 68 | 52 16 . . . . Thermal . | . . . . . . Explosive 20 | . . . . . 20 Electromagnetic . | . . . . . . Robot Hit Streak 9 | 9 4 . . . 6 Robot Miss Streak 4 | 2 4 . . . 2 Penetration Max . | . . . . . . Secondary Targets . | . . . . . . Shots Hit Robots 56 | 36 7 . . 2 11 Core Hits 47 | 16 2 . . . 29 Critical Kills . | . . . . . . Critical Parts Destroyed . | . . . . . . Critical Strikes . | . . . . . . Melee Attacks 15 | . . . . 13 2 Impact 15 | . . . . 13 2 Slashing . | . . . . . . Piercing . | . . . . . . Sneak Attacks 2 | . . . . 1 1 Combat Hostiles . | . . . . . . Follow-up Attacks . | . . . . . . Damage Inflicted 1901 | 309 51 . . 167 1374 Guns 360 | 309 51 . . . . Cannons . | . . . . . . Explosions 1316 | . . . . . 1316 Melee 225 | . . . . 167 58 Ramming . | . . . . . . Kinetic 360 | 309 51 . . . . Thermal . | . . . . . . Explosive 1316 | . . . . . 1316 Electromagnetic . | . . . . . . Impact 225 | . . . . 167 58 Slashing . | . . . . . . Piercing . | . . . . . . Highest Corruption 10 | . . . . . 10 Average Corruption 7 | . . . . . 7 Corruption Purged . | . . . . . . Corruption Blocked . | . . . . . . Overload Shots . | . . . . . . Overflow Damage 92 | . . . . 92 . Projectiles . | . . . . . . Explosions . | . . . . . . Melee 92 | . . . . 92 . Knockbacks 1 | . . . . 1 . Impact 1 | . . . . 1 . Kinetic . | . . . . . . Secondary . | . . . . . . Self-Inflicted Damage 78 | . . . . . 78 Shots 2 | . . . . . 2 Rammed . | . . . . . . Targets Rammed . | . . . . . . Kicked . | . . . . . . Crushed . | . . . . . . Highest Temperature 30 | . . . . . 30 Average Temperature 12 | . . . . . 12 Received Heat Transfer 411 | . . . . 51 360 Siege Activations . | . . . . . . Martial Activations . | . . . . . . Shielding Activations . | . . . . . . Robots Disrupted . | . . . . . . Combat Hostiles . | . . . . . . Robots Corrupted 2 | . . . . 2 . Combat Hostiles . | . . . . . . Parts Fried 6 | . . . . 6 . Impact Corruptions 4 | . . . . 4 . Robots Melted . | . . . . . . Combat Hostiles . | . . . . . . Parts Melted . | . . . . . . Heat Transferred . | . . . . . . Parts Sabotaged . | . . . . . . Parts Stolen . | . . . . . . Parts Stripped . | . . . . . . Power Chain Reactions . | . . . . . . Alert | -11 -10 -10 -9 -6 -6 ------- Run | Yrd Mat Sub Scr Fac Low Maximum Alert Level . | . . . . . . Low Security (%) 100 | 100 100 . . 100 . Level 1 . | . . . . . . Level 2 . | . . . . . . Level 3 . | . . . . . . Level 4 . | . . . . . . Level 5 . | . . . . . . High Security . | . . . . . . Max Security . | . . . . . . Peak Influence 13 | 10 5 . . 13 . Initial 3 | . 3 . . . . Average 1 | 2 1 . . . . Influence Increases 265 | 40 5 . . 20 200 Destroy 0b10 Robot/C 160 | . . . . . 160 Destroy 0b10 Robot/NC 55 | 40 5 . . 10 . Destroy Leader 12 | . . . . 2 10 Destroy Structure 8 | . . . . 8 . Lose Combat Pursuer 30 | . . . . . 30 Influence Decreases 265 | 35 5 5 . 20 200 Entered New Map 5 | . 2 3 . . . Time Decay 215 | 35 3 2 . 17 158 Lost Part 45 | . . . . 3 42 Squads Dispatched 5 | . . . . 5 . Investigation 1 | . . . . 1 . Extermination 1 | . . . . 1 . Reinforcement 3 | . . . . 3 . Assault . | . . . . . . Garrison . | . . . . . . Intercept . | . . . . . . Searches Triggered . | . . . . . . Construction Impeded . | . . . . . . Haulers Reinforced . | . . . . . . Active Scanning Responses . | . . . . . . Cargo Convoy Interrupts . | . . . . . . Stealth | -11 -10 -10 -9 -6 -6 --------- Run | Yrd Mat Sub Scr Fac Low Distress Signals 2 | . . . . 2 . Communications Jammed . | . . . . . . Distress Signals . | . . . . . . Times Spotted 27 | . . . . 9 18 Peak Tracking Total 7 | . . . . 4 7 Tactical Retreats 3 | . . . . 2 1 Traps | -11 -10 -10 -9 -6 -6 ------- Run | Yrd Mat Sub Scr Fac Low Traps Triggered . | . . . . . . Indirectly . | . . . . . . Trap Hack Attempts . | . . . . . . Triggered . | . . . . . . Disarmed . | . . . . . . Reprogrammed . | . . . . . . Reused . | . . . . . . Traps Extracted . | . . . . . . Installed . | . . . . . . Triggered . | . . . . . . Most Traps Carried 5 | . . 2 5 5 5 Machines | -11 -10 -10 -9 -6 -6 ---------- Run | Yrd Mat Sub Scr Fac Low Machines Disabled 1 | . . . . . 1 Max in Single Turn 1 | . . . . . 1 Machines Repaired . | . . . . . . Machines Dismantled . | . . . . . . Machines Sabotaged . | . . . . . . Overloaded Fab Kills . | . . . . . . Hacking | -11 -10 -10 -9 -6 -6 --------- Run | Yrd Mat Sub Scr Fac Low Machines Accessed 6 | . . . 4 1 1 Terminals 1 | . . . . 1 . Fabricators . | . . . . . . Repair Stations . | . . . . . . Recycling Units . | . . . . . . Scanalyzers . | . . . . . . Garrison Access . | . . . . . . Total Hacks 29 | . . . 25 3 1 Successful 27 | . . . 25 1 1 Failed 2 | . . . . 2 . Catastrophic 1 | . . . . 1 . Database Lockouts . | . . . . . . Manual . | . . . . . . Terminals 3 | . . . . 3 . Fabricators . | . . . . . . Repair Stations . | . . . . . . Recycling Units . | . . . . . . Scanalyzers . | . . . . . . Garrison Access . | . . . . . . Terminal Hacks 27 | . . . 25 1 1 Record 24 | . . . 24 . . Open Door 1 | . . . . . 1 Zone Layout 1 | . . . . 1 . Proto ID Catalog 1 | . . . 1 . . Fabricator Hacks . | . . . . . . Repair Station Hacks . | . . . . . . Recycling Unit Hacks . | . . . . . . Scanalyzer . | . . . . . . Garrison Access Hacks . | . . . . . . Unauthorized Hacks . | . . . . . . Terminals . | . . . . . . Fabricators . | . . . . . . Repair Stations . | . . . . . . Recycling Units . | . . . . . . Scanalyzers . | . . . . . . Garrison Access . | . . . . . . Data Cores Recovered . | . . . . . . Used . | . . . . . . Hacking Detections 1 | . . . . 1 . Full Trace Events 1 | . . . . 1 . Feedback Events . | . . . . . . Feedback Blocked . | . . . . . . Robot Schematics Acquired . | . . . . . . Robots Built . | . . . . . . Authchips . | . . . . . . Time . | . . . . . . Total Robot Build Rating . | . . . . . . Part Schematics Acquired . | . . . . . . Parts Built . | . . . . . . Authchips . | . . . . . . Time . | . . . . . . Total Part Build Rating . | . . . . . . Parts Repaired . | . . . . . . Time . | . . . . . . Parts Recycled . | . . . . . . Recycled Matter . | . . . . . . Retrieved Matter . | . . . . . . Retrieved Components . | . . . . . . Parts Scanalyzed . | . . . . . . Part Schematics Acquired . | . . . . . . Parts Damaged . | . . . . . . Bothacking | -11 -10 -10 -9 -6 -6 ------------ Run | Yrd Mat Sub Scr Fac Low Used RIF Installer . | . . . . . . Robots Hacked . | . . . . . . Non-combat . | . . . . . . Combat . | . . . . . . Robot Hacks Applied . | . . . . . . Relay Couplers Released . | . . . . . . Fabnet Peak Effective % . | . . . . . . Robots Rewired . | . . . . . . Allies Hacked . | . . . . . . Hacks Repelled . | . . . . . . Allies | -11 -10 -10 -9 -6 -6 -------- Run | Yrd Mat Sub Scr Fac Low Total Allies . | . . . . . . Largest Group . | . . . . . . Highest-Rated Group . | . . . . . . Highest-Rated Ally . | . . . . . . Total Orders . | . . . . . . Ally Attacks . | . . . . . . Total Damage . | . . . . . . Kills . | . . . . . . Allies Corrupted . | . . . . . . Allies Melted . | . . . . . . Intel | -11 -10 -10 -9 -6 -6 ------- Run | Yrd Mat Sub Scr Fac Low Active Infowar (turns) 1859 | 116 77 89 635 327 615 Terrain 1835 | 116 77 89 635 327 591 Structural 621 | . . . . 6 615 Cloaking 1 | . . . . 1 . ECM 308 | . . . . 308 . Robot Analysis Total . | . . . . . . Derelict Logs Recovered 3 | . . . 2 . 1 Drone Launches . | . . . . . . Drone Recoveries . | . . . . . . Exploration | -11 -10 -10 -9 -6 -6 ------------- Run | Yrd Mat Sub Scr Fac Low Turns Passed 2513 | 152 77 89 1245 331 619 Spaces Moved 2118 | 61 55 84 1202 218 498 Core 3 | 2 . . . . 1 Treads . | . . . . . . Legs . | . . . . . . Wheels 2115 | 59 55 84 1202 218 497 Hover . | . . . . . . Flight . | . . . . . . Fastest Speed 50 | 50 100 100 90 94 97 Average Speed 101 | 98 100 100 101 94 107 Slowest Speed 800 | 100 100 100 105 111 800 Overloaded Moves . | . . . . . . Propulsion Burnouts . | . . . . . . Robots Hopped . | . . . . . . Potential Cave-ins . | . . . . . . Cave-ins Triggered . | . . . . . . Exploration Rate (%) 27 | 3 13 6 80 11 49 Regions Visited 5 Branch Regions 3 Pre-discovered Areas 1 | . . . 1 . . Known Exits Taken . | . . . . . . Unknown Exits Taken 5 | 1 1 1 1 1 . Scrap Searched 9 | . . 4 5 . . Spaces Dug 15 | . . . . 8 7 Terrain Destroyed 84 | . . . . 8 76 Melee 8 | . . . . 8 . Projectile . | . . . . . . AOE 76 | . . . . . 76 Terrain Rammed . | . . . . . . Walls Destroyed . | . . . . . . Machines Disabled . | . . . . . . Actions | -11 -10 -10 -9 -6 -6 --------- Run | Yrd Mat Sub Scr Fac Low Total 2370 | 107 64 89 1233 321 556 Wait 105 | 10 . . . 69 26 Move 2113 | 60 54 83 1201 217 498 Hop . | . . . . . . Pick Up 37 | 4 2 4 16 8 3 Fast Attach 15 | 7 . . 5 3 . Attach 12 | . . . . 6 6 Detach . | . . . . . . Swap 3 | . . . 2 1 . Drop 16 | . . 2 9 4 1 Fire 54 | 26 8 . . . 20 Melee 15 | . . . . 13 2 Ram . | . . . . . . Kick . | . . . . . . Crush . | . . . . . . Escape Stasis . | . . . . . . Rewire . | . . . . . . Trap . | . . . . . . Miscellaneous . | . . . . . . Route ------- -11/Scrapyard -10/Materials (discovered 2 exits: [*Min] / [*Sub]) -10/Subcaves -9/Scraptown (discovered 2 exits: *Fac x2) -6/Factory -6/Lower Caves History --------- Turn | Location | Event 2 | -11/Scrapyard | Met Revision 17 10 | -11/Scrapyard | Discovered new exit (range 16) 153 | -11/Scrapyard | Entered Materials 154 | -10/Materials | Met a group of wandering Federalists 216 | -10/Materials | Discovered new exit (range 11) 220 | -10/Materials | Discovered new exit (range 7) 230 | -10/Materials | Entered Subcaves 230 | -10/Subcaves | Accompanied by 2 allies 231 | -10/Subcaves | Continued accompanying wandering Federalists (4) 231 | -10/Subcaves | Approached by a straggling Scientist 307 | -10/Subcaves | Build established: Mutant 316 | -10/Subcaves | Scientist uncovered a shortcut to Scraptown 319 | -10/Subcaves | Entered Scraptown 457 | -9/Scraptown | Visited UFD Registry 457 | -9/Scraptown | Registered with UFD as "Roughforce" 471 | -9/Scraptown | Visited SPCMW 518 | -9/Scraptown | Scanned Subdweller tech in exchange for log data 521 | -9/Scraptown | Learned location of Warlord (-4) 522 | -9/Scraptown | Learned Factory trap positions 533 | -9/Scraptown | Discovered new exit (range 13) 565 | -9/Scraptown | Guru changed UFD alias to "Gearsink" 926 | -9/Scraptown | Visited Chapter 10 946 | -9/Scraptown | Visited A0-MCA Data Center 952 | -9/Scraptown | Given a B rating by A0-MCA 955 | -9/Scraptown | Found A0-MCA's Component Scanner 976 | -9/Scraptown | Visited Observation Area 1158 | -9/Scraptown | Visited Science Guys 1200 | -9/Scraptown | Visited Scrap Suit Storage 1214 | -9/Scraptown | Visited Abandonware Association 1224 | -9/Scraptown | Learned abandonware demo "REBOOT5.EXE" 1224 | -9/Scraptown | Learned abandonware demo "MELTYB.EXE" 1242 | -9/Scraptown | Visited Derelict Rescue Squad 1249 | -9/Scraptown | Found DRS Beacon 1287 | -9/Scraptown | Visited Science Testing Area 1306 | -9/Scraptown | Visited Modified Component R&D 1445 | -9/Scraptown | Discovered new exit (range 5) 1504 | -9/Scraptown | Met Optimus 1504 | -9/Scraptown | Accepted into 0bPrime 1564 | -9/Scraptown | Entered Factory 1564 | -6/Factory | Evolved 8 slots: Power x1, Propulsion x3, Utility x4 1565 | -6/Factory | Loaded intel: 114 trap records 1879 | -6/Factory | Discovered new exit (range 15) 1895 | -6/Factory | Entered Lower Caves 1908 | -6/Lower Caves | Learned Factory emergency access door positions 1923 | -6/Lower Caves | Lost 4 parts (2n2u) 2052 | -6/Lower Caves | Encountered a Warlord checkpoint 2124 | -6/Lower Caves | Attracted the attention of an 0b10 outpost 2216 | -6/Lower Caves | Lost 5 parts (1p3n1u) 2497 | -6/Lower Caves | Attracted the attention of an 0b10 checkpoint 2504 | -6/Lower Caves | Core integrity fell below 50% 2511 | -6/Lower Caves | System corruption reached 10% 2514 | -6/Lower Caves | Self-destructed Last Messages --------------- Sealed Heavy Doors opened. 02445_ Acquired Lance. 02449_ Acquired Enh. Gauss Cannon. 02497_ Y-54 Guardian: "INTERCEPTING UNREGISTERED DERELICT." 02499_ Mni. Grenade Launcher destroyed. 02500_ Mic. Nuclear Core destroyed. 02503_ Com. Wheel destroyed. 02505_ Hvy. Hammer destroyed. 02505_ Com. Wheel destroyed. 02505_ System corrupted by crushing effect (+4). 02505_ System corrupted by crushing effect (+1). 02505_ Dropped Vortex Trap. 02505_ Knocked back. 02509_ Mic. Nuclear Core destroyed. 02509_ Imp. Terrain Scanner destroyed. 02510_ Structural Scanner destroyed. 02510_ System corrupted by crushing effect (+5). 02510_ Knocked back. 02511_ S-27 Virus destroyed. Map ----- +----------------------------------------------------+ | ?????????????????????????????????????????????????? | | ?????????????????????????????????????????????????? | | ?????????????????????????????????????????????????? | | ?????????????????????????????????????????????????? | | ?????????????????????????????????????????????????? | | ?????????????????????????????????????????????????? | | ?????????????????????????????????????????????????? | | ?????????????????????????????????????????????????? | | ?????????????????????????????????????????????????? | | ?????????????????????????????????????????????????? | | ?????????????????????????????????????????????????? | | ???????????????????? ??????????????????????????? | | ???????????????????? # ??????????????????????????? | | ????????????????????## ??????????????????????????? | | ????????????????????## ??????????????????????????? | | ????????????????????## ?????????????????????????? | | ????????????????????## ???????????????? ???????? | | ????????????????????## ?????????????## ?????? | | ???????????????????? # ##???????????## ?????? | | ????????????????????## ####???????? ?????? | | ????????????????????## ###????? ? ???????? | | ????????????????????## ???? ### ????????? | | ????????????????????## ### #### ##????????? | | ????????????????????## #### #### ##????????? | | ????????????????###? ## ### ##????????? | | ????????????????## ## @ # ###????????? | | ?????????## ????## bb ###### ????? | | ?????????## g* ## ##### ?? ?? | | ????????? # #### ## ????? | | ????????? ###### #### ##????? | | ?????????? ##### Y #### ## ##????? | | ???????????????### ####### ## ????? | | ???????????????#### ####### ### ????? | | ????????????????### ##???## #####????? | | ????????????????## ##???## ## ###?????? | | ????????????????### ######???## ### ##?#? ???? | | ????????????????#############?#?## ######???????? | | ?????????????????#######?????##### ######??????## | | ?????????????????????????????##### ###????### | | ?????????????????????????????## # ### ##?????### | | ????????????????????????????### ### ######### | | ?????????????????????????????## ### ######### | | ?????????????????????????????## ## ### ### | | ?????????????????????????#???## #### | | ?????????????????????????????## | | ??????????????????????????#??## | | ?????????????????????????????## ## ## | | ??????????????????#?????#????####### ### | | ?????????????????????????????####### ######## | | ????????????????????????????####### ######### | +----------------------------------------------------+ Best States ------------- Heat Dissipation 37 Energy Generation 25 Energy Capacity 275 Matter Stores 300 Matter Capacity 300 Sight Range 16 Terrain Scan Range 16 Terrain Scan Density 10 ECM Strength 1 Evasion (%) 42 Item Schematics ----------------- None Robot Schematics ------------------ None Fabricated ------------ Nothing Repaired ---------- Nothing Alien Tech Used ----------------- None Achievements -------------- None Challenges ------------ None Game ------ Seed painworld Manual? 1 Play Time 00:22:22 Cumulative 20.6 hours Start 2025.09.10 @ 21:50:20 End 2025.09.10 @ 22:15:41 Sessions 1 Manual Loads 0 Difficulty Rogue Special Mode None Game No. 61 Rogue 61 Adventurer 0 Explorer 0 Win Type - Total 0 Types 0/0/0/0/0/0/0/0/0/0 Lore% 26 Gallery% 24 Achievement% 28 Wizard Run 0 Options --------- Layout 2 ASCII 0 Keyboard 0 Movement Mouse Keybinds 0 Fullscreen 2 Font 24/Smallcaps Map View 50x44 Zoom Use 0% Tactical HUD 1 Map Filters NONE Filters NONE Steam 1 RUN: 0370a79e-d9b8-4c55-8ea1-39346a7c9c6e